 Dungeon Crawl Stone Soup version 0.30-a0-691-g754fce4c43 (webtiles) character file.

Game seed: 5996483154036683199

9250 browni3141 the Thaumaturge (level 11, -5/76 HPs)
             Began as a Djinni Fire Elementalist on Jan 20, 2023.
             Was an Elder of Makhleb.
             Slain by a sixfirhy (11 damage)
             ... summoned by a kobold demonologist
             ... on level 10 of the Dungeon.
             The game lasted 00:25:12 (11217 turns).

browni3141 the Thaumaturge (DjFE)                  Turns: 11217, Time: 00:25:13

Health: -5/76      AC: 10    Str:  9    XL:     11   Next: 70%
Gold:   516        EV: 13    Int: 24    God:    Makhleb [****..] SH:  5 Dex: 15

rFire   + + .      SeeInvis .    K - +0 scimitar
rCold   . . .      Faith    .    (no shield)
rNeg    . . .      Spirit   .    N - +2 leather armour {rC+}
rPois   ∞          Reflect  +    s - +0 helmet
rElec   .          Harm     .    F - +1 cloak
rCorr   .          Rampage  .    j - +0 pair of gloves
Will    +....                    (boots unavailable)
Stlth   +++                      l - amulet of reflection
HPRegen 0.32/turn                G - +6 ring of intelligence
MPRegen 0.00/turn                (no ring)

@: flying, studying Maces & Flails
A: sickness immunity, fire resistance 2, cold vulnerability 1, float, innate
caster, HP casting, extra vitality 1
a: Renounce Religion, Minor Destruction, Lesser Servant of Makhleb, Major
Destruction


You were on level 10 of the Dungeon.
You worshipped Makhleb.
Makhleb was greatly pleased with you.
You visited 2 branches of the dungeon, and saw 11 of its levels.
You also visited: Ossuary and Bailey.

You collected 572 gold pieces.
You spent 56 gold pieces at shops.

Inventory:

Hand Weapons
 C - a +1 short sword of venom
 K - a +0 scimitar (weapon)
Missiles
 E - 2 throwing nets
 O - a curare-tipped dart
Armour
 a - a +0 robe
 j - a +0 pair of gloves (worn)
 s - a +0 helmet (worn)
 F - a +1 cloak (worn)
 N - a +2 leather armour of cold resistance (worn)
Jewellery
 l - an amulet of reflection (around neck)
 G - a +6 ring of intelligence (left hand)
 L - an amulet of faith
Wands
 m - a wand of charming (15)
 M - a wand of digging (6)
Scrolls
 e - 3 scrolls of blinking
 g - 4 scrolls of magic mapping
 h - 2 scrolls of fog
 q - 4 scrolls of vulnerability
 r - 4 scrolls of teleportation
 t - 3 scrolls of amnesia
 v - 2 scrolls of enchant armour
 x - a scroll of immolation
 y - a scroll of fear
 B - a scroll of acquirement
 I - 2 scrolls of noise
 J - 3 scrolls of torment
Potions
 b - 3 potions of magic
 c - 3 potions of cancellation
 d - 2 potions of berserk rage
 f - 4 potions of heal wounds
 i - 2 potions of flight
 k - 4 potions of might
 n - a potion of invisibility
 o - 6 potions of brilliance
 p - 8 potions of curing
 u - a potion of ambrosia
 w - 5 potions of mutation {unknown}
 z - 2 potions of haste
 A - a potion of lignification {unknown}
 D - 2 potions of degeneration {unknown}
 H - a potion of resistance {unknown}


   Skills:
 - Level 5.9 Fighting
 - Level 4.9 Armour
 - Level 4.9 Dodging
 - Level 4.9 Stealth
 * Level 9.9 Spellcasting
 - Level 5.9 Invocations
 - Level 3.9 Evocations


You had 3 spell levels left.
You knew the following spells:

 Your Spells              Type           Power      Damage    Failure   Level
a - Foxfire               Conj/Fire      100%       2x1d9     1%          1
b - Scorch                Fire           100%       2d10      1%          2
c - Kindle Blastsparks    Fire/Tloc/Air  100%       2d18      1%          3
d - Inner Flame           Hex/Fire       56%        N/A       1%          3
e - Flame Wave            Conj/Fire      56%        2d13      1%          4
f - Freeze                Ice            100%       1d10      1%          1
g - Momentum Strike       Conj/Tloc      100%       3d10      1%          2
h - Blink                 Tloc           100%       N/A       1%          2
i - Frozen Ramparts       Ice            100%       1d16      1%          3
j - Agony                 Necr           56%        N/A       3%          5
Your spell library was empty.

Dungeon Overview and Level Annotations

Branches:
Dungeon (10/15)            Temple (1/1) D:4         Ossuary (visited)
 Bailey (visited)
   Lair: D:8-11         Orc: D:9-12

Altars:
Ashenzari
Cheibriados
Dithmenos
Elyvilon
Fedhas
Gozag
Hepliaklqana
Makhleb
Nemelex Xobeh
Qazlal
Ru
Trog
Uskayaw
Wu Jian
Xom
Yredelemnul
Zin
The Shining One

Shops:
D:1 (   D:8 ?   D:10 ([

Portals:
Trove: D:10 (show slimy rune of Zot)

Annotations:
D:2 1 runed translucent door, Crazy Yiuf
D:10 exclusion: orange crystal statue, Sonja


Innate Abilities, Weirdness & Mutations

You are immune to sickness and miasma.
You are immune to poison.
Your flesh is very heat resistant. (rF++)
You are vulnerable to cold. (rC-)
You float through the air rather than walking.
You learn spells naturally, not from books.
Your magical power is your life essence.
You have superior vitality. (+4 MHP)


Message History

A two-headed ogre is nearby!
The two-headed ogre shouts in stereo!
Items here: ( )) †.
Casting: Scorch (safe; 1% risk of failure)
Confirm with . or Enter, or press ? or * to list all spells.
A cloud of volatile blastsparks flares up around you!
The two-headed ogre hits you with a +0 giant spiked club.
The two-headed ogre barely misses you.
The cloud of blastsparks explodes!
The concussive blast engulfs the two-headed ogre!!
The two-headed ogre is heavily wounded.
You hear a shout!
You hear an angry buzzing noise.
Casting: Kindle Blastsparks (safe; 1% risk of failure)
Confirm with . or Enter, or press ? or * to list all spells.
A cloud of volatile blastsparks flares up around you!
A kobold demonologist comes into view.
It is wielding a +0 dagger of electrocution.
The cloud of blastsparks explodes!
The concussive blast engulfs the two-headed ogre!
The two-headed ogre is heavily wounded.
The concussive blast engulfs you. You resist.
Things that are here:
a +0 dagger; 2 stones; a kobold corpse
Casting: Kindle Blastsparks (safe; 1% risk of failure)
Confirm with . or Enter, or press ? or * to list all spells.
You blink.
The two-headed ogre hits you but does no damage.
You block the two-headed ogre's attack.
The two-headed ogre attacks as you move away!
The two-headed ogre hits you with a +0 giant spiked club!!
The two-headed ogre hits you with a +0 giant club.
Items here: ( )) †.
The kobold demonologist casts a spell.
The kobold demonologist gestures wildly while chanting.
The sixfirhy attacks as you move away! The sixfirhy barely misses you.
The sixfirhy hits you. The sixfirhy shocks you!
* * * LOW HITPOINT WARNING * * *
The sixfirhy hits you!
* * * LOW HITPOINT WARNING * * *
The sixfirhy shocks you!
You die...

##### ####### #...####..)...
###### #...##..)##... .....#
#....))###,.#. ####.#
###.3).###*,,##, #..#.#
##########.'..K## *,**,, ...#.#
#......#...#...#####...,*
##.#.####>......@3.O.........#,,*
.........#########.###########,**
~~~~~~..........##.# *,,*,
#####~...#######.#.# **,**,
#...#)...#.....#.#.# *,,*,,
#.∩.)~...#.∩.>.#...## **,**,*
#...#≈...#.....#....### *,,*,,*
#####~...#######.##...# **,**,,,
~~~~~~.##.......#####.####..#,**,


You could see a two-headed ogre, a sixfirhy (summoned) and a smoke demon
(summoned).

Vanquished Creatures
  A two-headed ogre (D:9)
  An orc high priest (Bailey)
  An orc knight (Bailey)
  A kobold demonologist (Bailey)
  2 hornets (D:10)
  A wraith (D:10)
  5 yaks (D:9)
  A steam dragon (D:7)
  A vampire mosquito (D:9)
  3 water moccasins
  An acid dragon (D:10)
  An ice beast (D:7)
  13 orc warriors
  A black bear (D:5)
  3 sky beasts
  A centaur (D:10)
  2 ogres
  A phantom (D:5)
  Blork the orc (D:6)
  5 kobold brigands
  A gnoll sergeant (D:7)
  3 bullfrogs
  5 scorpions
  6 water moccasin zombies (Ossuary)
  11 killer bees
  2 howler monkeys (D:7)
  9 electric eels (Bailey)
  3 jellies
  8 orc priests
  2 hounds
  2 iguanas (D:5)
  Natasha (thrice) (D:4)
  9 orc wizards
  2 mummies (Ossuary)
  14 gnolls
  7 adders
  A white imp (D:8)
  An ufetubus (D:6)
  4 adder zombies (Ossuary)
  3 worms (D:2)
  31 orcs
  5 bats
  8 endoplasms
  2 giant cockroaches (D:2)
  16 goblins
  9 hobgoblins
  A quokka (D:3)
  10 ball pythons
  2 frilled lizards
  7 gnoll zombies (Ossuary)
  5 hobgoblin zombies (Ossuary)
  10 kobolds
  5 kobold zombies (Ossuary)
  2 orc zombies (Ossuary)
  3 rats
258 creatures vanquished.

Vanquished Creatures (collateral kills)
  A vampire mosquito (D:9)
1 creature vanquished.

Vanquished Creatures (others)
  874 foxfires
874 creatures vanquished.

Grand Total: 1133 creatures vanquished

Notes
Turn   | Place    | Note
-------+----------+-------------------------------------------
     0 | D:1      | browni3141 the Djinni Fire Elementalist began the quest for
                  | the Orb.
     0 | D:1      | browni3141 set off with the following spells memorised:
                  | Foxfire, Scorch, Kindle Blastsparks, Inner Flame, Flame
                  | Wave.
     0 | D:1      | Reached XP level 1. HP: 15/15 MP: 0/0
    80 | D:1      | Reached skill level 1 in Fighting
   124 | D:1      | Reached XP level 2. HP: 22/22 MP: 0/0
   472 | D:1      | Reached XP level 3. HP: 28/28 MP: 0/0
   472 | D:1      | Learned a level 1 spell: Freeze
   582 | D:1      | Found Zocke's Weapon Boutique.
   809 | D:2      | Reached skill level 3 in Spellcasting
  1091 | D:2      | Found a runed translucent door.
  1092 | D:2      | Noticed Crazy Yiuf
  1172 | D:2      | Reached XP level 4. HP: 30/34 MP: 0/0
  1643 | D:3      | Found a glowing silver altar of Zin.
  1748 | D:3      | Found a faded altar of an unknown god.
  1846 | D:3      | Reached XP level 5. HP: 24/40 MP: 0/0
  1846 | D:3      | Learned a level 2 spell: Momentum Strike
  2183 | D:3      | Found a shimmering altar of Xom.
  2259 | D:3      | Found a shadowy altar of Dithmenos.
  2642 | D:4      | Found a staircase to the Ecumenical Temple.
  2649 | Temple   | Entered the Ecumenical Temple
  2959 | Temple   | Became a worshipper of Makhleb the Destroyer
  3023 | D:4      | Reached XP level 6. HP: 42/45 MP: 0/0
  3139 | D:4      | Reached skill level 1 in Evocations
  3158 | D:4      | Noticed Natasha
  3163 | D:4      | Killed Natasha
  3377 | D:4      | Noticed Natasha
  3382 | D:4      | Killed Natasha
  3383 | D:4      | Reached XP level 7. HP: 45/49 MP: 0/0
  3383 | D:4      | Learned a level 2 spell: Blink
  3642 | D:4      | Noticed Natasha
  3646 | D:4      | Killed Natasha
  3647 | D:4      | Reached skill level 4 in Spellcasting
  3868 | D:5      | Entered Level 5 of the Dungeon
  3926 | D:5      | Reached skill level 1 in Invocations
  4256 | D:5      | Reached skill level 1 in Armour
  4283 | D:5      | Found a sand-covered staircase.
  4291 | Ossuary  | Entered an ossuary
  4384 | Ossuary  | Reached XP level 8. HP: 34/56 MP: 0/0
  4532 | Ossuary  | Reached * piety under Makhleb
  5019 | D:5      | Reached XP level 9. HP: 56/62 MP: 0/0
  5019 | D:5      | Learned a level 3 spell: Frozen Ramparts
  5022 | D:5      | Reached ** piety under Makhleb
  5344 | D:5      | Reached skill level 5 in Spellcasting
  5694 | D:6      | Noticed Blork the orc
  5702 | D:6      | Killed Blork the orc
  6701 | D:7      | Reached XP level 10. HP: 22/69 MP: 0/0
  7423 | D:8      | Reached skill level 6 in Spellcasting
  7424 | D:8      | Reached *** piety under Makhleb
  7425 | D:8      | Reached skill level 5 in Fighting
  7425 | D:8      | Reached skill level 5 in Invocations
  7748 | D:8      | Found Ycuto's Magic Scroll Emporium.
  7762 | D:8      | Bought a scroll of identify for 28 gold pieces
  7762 | D:8      | Bought a scroll of identify for 28 gold pieces
  8085 | D:9      | Noticed a two-headed ogre
  8097 | D:9      | Killed a two-headed ogre
  8298 | D:9      | Reached skill level 7 in Spellcasting
  8878 | D:9      | Found a hide-covered altar of Uskayaw.
  9128 | D:9      | Found a snail-covered altar of Cheibriados.
  9213 | D:10     | Entered Level 10 of the Dungeon
  9279 | D:10     | Reached XP level 11. HP: 58/76 MP: 0/0
  9279 | D:10     | Learned a level 5 spell: Agony
  9296 | D:10     | Found Jeuxek's Armour Emporium.
  9346 | D:10     | Noticed an orange crystal statue
  9375 | D:10     | Found a portal to a secret trove of treasure.
  9616 | D:10     | Noticed Sonja
  9649 | D:10     | Found Qushaz's Weapon Shoppe.
  9658 | D:10     | Found a flagged portal.
  9675 | Bailey   | Entered a bailey
  9712 | Bailey   | Reached skill level 8 in Spellcasting
  9880 | Bailey   | Noticed an orc knight
  9883 | Bailey   | Reached **** piety under Makhleb
  9935 | Bailey   | Killed an orc knight
 10039 | Bailey   | Reached skill level 9 in Spellcasting
 10541 | Bailey   | Found an iron altar of Okawaru.
 10551 | Bailey   | Noticed an orc high priest
 10681 | Bailey   | Killed an orc high priest
 11199 | D:10     | Noticed a two-headed ogre
 11214 | D:10     | Noticed a sixfirhy
 11217 | D:10     | Slain by a sixfirhy

Illustrated notes

Levels and vault maps discovered:
D:1:      dpeg_arrival_simpleton_b, layout_basic, serial_shops,
          nicolae_lakefront_shop
D:2:      wander_river, layout_loops_cross, grunt_ministairs_13,
          uniq_crazy_yiuf_cottage
D:3:      layout_loops_ring, mainiacjoe_overflow_catch_the_wave,
          mainiacjoe_overflow_boulevard, hellmonk_ecumenical_altar_lost_god
D:4:      layout_basic, minmay_temple_entry_junction, minmay_snake_closets,
          uniq_natasha
D:5:      layout_loops_ring, nicolae_ossuary_entry_plus, minmay_pentangle
D:6:      layout_basic, uniq_blork_the_orc
D:7:      layout_loops_ring
D:8:      layout_loops_ring, serial_shops, nicolae_shop_crystal
D:9:      layout_basic, nicolae_uskayaw_suspiria, kennysheep_mini,
          nicolae_figureground_sparkle
D:10:     minmay_the_grid_four_pointed_star
          [minmay_the_grid_triangle_9x9_windchime,
          minmay_the_grid_triangle_9x9_zippers_vertical,
          minmay_the_grid_triangle_9x9_longest,
          minmay_the_grid_triangle_9x9_semitri,
          minmay_the_grid_prize_shrinking_boxes], layout_basic, okawaru_humans,
          serial_shops, nicolae_lakefront_shop, shop_statue,
          nicolae_take_the_stairs, nicolae_shop_trees, enter_trove_0,
          enter_bailey_3, minivault_15, uniq_sonja
Temple:   compressed_dpeg_triangle_lava_temple

Skill      XL: |  1  2  3  4  5  6  7  8  9 10 11 |
---------------+----------------------------------+-----
Fighting       | 1 2 3 4 5 |  5.9
Spellcasting   | 3 4 5 7 9 |  9.9
Stealth        | 2 3 4 |  4.9
Evocations     | 2 3 |  3.9
Dodging        | 3 4 |  4.9
Invocations    | 1 3 4 5 |  5.9
Armour         | 1 3 4 |  4.9

Action                   |  1- 3 |  4- 6 |  7- 9 | 10-12 || total
-------------------------+-------+-------+-------+-------++-------
Melee: Unarmed           |       |       |     1 |       ||     1
       Punch             |       |       |     1 |       ||     1
       Scimitar          |       |       |       |     7 ||     7
 Cast: Foxfire           |    48 |    49 |   169 |   230 ||   496
       Scorch            |     3 |    13 |    52 |    72 ||   140
       Kindle Blastspark |       |     3 |     5 |    18 ||    26
       Flame Wave        |       |       |     4 |     1 ||     5
       Blink             |       |       |     1 |     1 ||     2
       Inner Flame       |       |       |     3 |     6 ||     9
       Agony             |       |       |       |     1 ||     1
       Momentum Strike   |       |       |       |     1 ||     1
Invok: Minor Destruction |       |       |       |     1 ||     1
       Lesser Servant of |       |       |       |     1 ||     1
  Use: Scroll            |       |       |    13 |     9 ||    22
Armor: Robe              |     2 |       |    14 |    12 ||    28
       Leather armour    |       |       |       |     3 ||     3
Dodge: Dodged            |    11 |     4 |    55 |    87 ||   157
Block: Other             |       |     4 |    16 |    18 ||    38
       Reflection        |       |       |     1 |     1 ||     2

Table legend: (Time is in decaauts)
 A = Elapsed time spent in this place.
 B = Non-inter-level travel time spent in this place.
 C = Inter-level travel time spent in this place.
 D = Time resting spent in this place.
 E = Time spent auto-exploring this place.
 F = Levels seen in this place.
 G = Mean time per level.
                   A        B        C        D        E       F      G
               +--------+--------+--------+--------+--------+-----+--------+
         Total |  11217 |  10824 |    393 |   1030 |   7760 |  13 |  862.8 |
       Dungeon |   9192 |   8851 |    341 |    878 |   6389 |  10 |  919.2 |
        Temple |    324 |    272 |     52 |      0 |    265 |   1 |  324.0 |
       Ossuary |    531 |    531 |      0 |     80 |    323 |   1 |  531.0 |
        Bailey |   1168 |   1168 |      0 |     72 |    783 |   1 | 1168.0 |
               +--------+--------+--------+--------+--------+-----+--------+

Top non-repeatable levels by time:
     D:9: 1398 daAuts
     D:4: 1376 daAuts
  Bailey: 1168 daAuts
     D:7: 1039 daAuts
     D:3: 946 daAuts
     D:5: 919 daAuts
     D:8: 897 daAuts
     D:2: 799 daAuts
     D:1: 676 daAuts
    D:10: 632 daAuts
 Ossuary: 531 daAuts
     D:6: 505 daAuts
  Temple: 324 daAuts
